 Dungeon Crawl Stone Soup version 0.28.0-53-g5a82cb258f (webtiles) character file.

Game seed: 1072371065719558458

120 concernfroge the Covered (level 5, -3/33 HPs)
             Began as a Gargoyle Fighter on June 18, 2022.
             Slain by a gnoll
             ... wielding a +0 spear
              (6 damage)
             ... on level 3 of the Dungeon.
             The game lasted 00:06:11 (2064 turns).

concernfroge the Covered (Gargoyle Fighter)         Turns: 2064, Time: 00:06:11

Health: -3/33      AC: 11    Str: 22    XL:     5   Next: 4%
Magic:  5/5        EV:  9    Int:  8    God:
Gold:   103        SH:  4    Dex:  9    Spells: 4/4 levels left

rFire   . . .      SeeInvis .   a - +0 flail
rCold   . . .      Faith    .   c - +0 buckler
rNeg    + . .      Spirit   .   b - +0 scale mail
rPois   ∞          Reflect  .   (no helmet)
rElec   +          Harm     .   (no cloak)
rCorr   .          Rampage  .   (no gloves)
Will    .....                   (no boots)
Stlth   ..........              (no amulet)
HPRegen 0.11/turn               (no ring)
MPRegen 0.09/turn               (no ring)

@: no status effects
A: sickness immunity, AC +4, negative energy resistance 1, electricity
resistance, torment resistance 1, petrification resistance
a: no special abilities


You were on level 3 of the Dungeon.
You visited 1 branch of the dungeon, and saw 3 of its levels.

You collected 103 gold pieces.

Inventory:

Hand Weapons
 a - a +0 flail (weapon)
Armour
 b - a +0 scale mail (worn)
 c - a +0 buckler (worn)
Potions
 d - a potion of might
 e - 2 potions of cancellation
 f - a potion of ambrosia {unknown}
 g - 4 potions of curing


   Skills:
 + Level 4.1 Fighting
 + Level 3.0 Maces & Flails
 + Level 4.2 Armour
 + Level 4.1 Shields


You had 4 spell levels left.
You didn't know any spells.
Your spell library was empty.

Dungeon Overview and Level Annotations

Branches:
Dungeon (3/15)

Altars:


Innate Abilities, Weirdness & Mutations

You are immune to sickness and miasma.
Your stone body is resilient. (AC +4)
You are immune to poison.
You resist negative energy. (rN+)
You are resistant to electric shocks. (rElec)
You are resistant to unholy torment.
You are immune to petrification.


Message History

The gnoll shaman hits you with a +0 whip. x2
You hit the gnoll shaman.
The gnoll shaman is heavily wounded.
The gnoll shaman hits you with a +0 whip.
You closely miss the gnoll shaman.
The gnoll shaman is heavily wounded.
The gnoll shaman closely misses you.
You thump the gnoll shaman!
You kill the gnoll shaman!
Your Maces & Flails skill increases to level 3!
You have reached level 5!
You hit the hobgoblin but do no damage. You block the hobgoblin's attack.
The gnoll hits you but does no damage. The hobgoblin barely misses you.
You barely miss the hobgoblin. The gnoll hits you but does no damage.
The hobgoblin hits you but does no damage.
The gnoll hits you but does no damage.
You sock the hobgoblin!
You kill the hobgoblin!
The gnoll hits you but does no damage.
You sock the worm!
The worm is heavily wounded.
The gnoll hits you but does no damage. The worm closely misses you.
You hit the worm.
The worm is heavily wounded.
The gnoll barely misses you. The worm bites you.
You sock the worm!
The worm is almost dead.
The gnoll hits you from afar with a +0 spear.
You block the gnoll's attack.
You sock the worm!
You kill the worm!
The gnoll closely misses you.
You closely miss the gnoll. The gnoll hits you with a +0 whip.
* * * LOW HITPOINT WARNING * * *
The gnoll hits you but does no damage. The gnoll hits you with a +0 whip.
* * * LOW HITPOINT WARNING * * *
You barely miss the gnoll. The gnoll hits you but does no damage.
You block the gnoll's attack.
The gnoll hits you from afar with a +0 spear.
You die...

#######+#+##.##.
#..............
#............#
.............+
.............#
.....$.g.....#
......ggg....#
..####g######
##@########.
######
#...........
.....#
#...######..
.....#
#...........
.....#
#.(.#######.
.....#
#...#####.+
.....#
#........##.
.....#
#...........
######
#<..####.#.#


You could see 5 gnolls.

Vanquished Creatures
  A gnoll shaman (D:3)
  4 adders
  An adder skeleton (D:2)
  A worm (D:3)
  2 dart slugs (D:2)
  An orc (D:2)
  5 ball pythons
  An endoplasm (D:2)
  3 giant cockroaches (D:2)
  8 goblins
  4 hobgoblins
  4 jackals (D:1)
  4 kobolds
  A quokka (D:3)
  A bat (D:1)
  2 frilled lizards
  4 rats
47 creatures vanquished.

Notes
Turn   | Place    | Note
-------+----------+-------------------------------------------
     0 | D:1      | concernfroge the Gargoyle Fighter began the quest for the
                  | Orb.
     0 | D:1      | Reached XP level 1. HP: 14/14 MP: 1/1
   384 | D:1      | Reached XP level 2. HP: 19/19 MP: 2/2
  1114 | D:2      | Reached XP level 3. HP: 22/24 MP: 3/3
  1442 | D:2      | Reached XP level 4. HP: 27/29 MP: 4/4
  1543 | D:2      | Identified the +2 helmet of Poru {Harm *Slow rF+ Regen+}
  2056 | D:3      | Reached XP level 5. HP: 16/33 MP: 5/5
  2064 | D:3      | Slain by a gnoll

Illustrated notes

Levels and vault maps discovered:
D:1:      mrwooster_arrival_statue, layout_basic
D:2:      layout_loops_ring, dk_vineyard_1, minmay_diced_spiral
D:3:      layout_basic, shapermc_ecumenical_altar_petra

Skill      XL: |  1  2  3  4 |
---------------+-------------+-----
Armour         | 4 |  4.2
Fighting       | 4 |  4.1
Shields        | 4 |  4.1
Maces & Flails | 3 |  3.0

Action                   |  1- 3 |  4- 6 || total
-------------------------+-------+-------++-------
Melee: Flail             |   105 |    75 ||   180
  Use: Potion            |       |     5 ||     5
       Scroll            |       |     3 ||     3
Armor: Scale mail        |    57 |    37 ||    94
Dodge: Dodged            |    60 |    31 ||    91
Block: Buckler           |    31 |    18 ||    49
